 Dungeon Crawl Stone Soup version 0.29-a0-464-g50448035db (webtiles) character file.

Game seed: 6298407503150370619

70 crabbyslav the Cudgeller (level 4, -4/35 HPs)
             Began as a Demonspawn Chaos Knight on May 21, 2022.
             Was a Plaything of Xom.
             Slain by Sigmund the swamp worm (glowing shapeshifter) (15 damage)
             ... on level 3 of the Dungeon.
             The game lasted 00:01:38 (2113 turns).

crabbyslav the Cudgeller (Demonspawn Chaos Knight)  Turns: 2113, Time: 00:01:39

Health: -4/35      AC:  5    Str: 14    XL:     4   Next: 3%
Magic:  4/4        EV: 11    Int: 13    God:    Xom [..*...]
Gold:   133        SH:  4    Dex: 13    Spells: 3/3 levels left

rFire   . . .      SeeInvis +   a - +0 mace (chaos)
rCold   . . .      Faith    .   (no shield)
rNeg    + . .      Spirit   .   b - +2 leather armour
rPois   .          Reflect  .   (helmet restricted)
rElec   .          Harm     .   (no cloak)
rCorr   .          Rampage  .   (no gloves)
Will    .....                   (no boots)
Stlth   +.........              (no amulet)
HPRegen 0.11/turn               m - ring of positive energy
MPRegen 0.09/turn               n - ring of see invisible

@: no status effects
A: horns 1, condensation shield
a: Renounce Religion


You were on level 3 of the Dungeon.
You worshipped Xom.
You were a toy of Xom.
You visited 1 branch of the dungeon, and saw 3 of its levels.

You collected 133 gold pieces.

Inventory:

Hand Weapons
 a - a +0 mace of chaos (weapon)
Armour
 b - a +2 leather armour (worn)
 e - a +0 scale mail
Jewellery
 m - a ring of positive energy (left hand)
 n - a ring of see invisible (right hand)
Scrolls
 d - a scroll of identify {unknown}
 f - a scroll of noise {unknown}
 h - 2 scrolls of teleportation {unknown}
 j - a scroll of vulnerability {unknown}
 k - a scroll of enchant armour {unknown}
 l - a scroll of magic mapping {unknown}
 o - a scroll of immolation {unknown}
Potions
 g - 3 potions of curing {unknown}
 i - 2 potions of invisibility {unknown}
Miscellaneous
 c - a piece from Xom's chessboard (8/15) (quivered)


   Skills:
 + Level 3.5 Fighting
 * Level 3.7 Maces & Flails
 + Level 2.4 Armour
 - Level 0.8 Dodging


You had 3 spell levels left.
You didn't know any spells.
Your spell library was empty.

Dungeon Overview and Level Annotations

Branches:
Dungeon (3/15)

Altars:
Cheibriados

Shops:
D:2 =*

Annotations:
D:3 Sigmund


Innate Abilities, Weirdness & Mutations

You have a pair of small horns on your head.
A meltable shield of frost defends you. (SH +4)


Message History

Terence is moderately wounded.
Terence misses you.
You hit Terence but do no damage.
Terence resists with some effort.
You headbutt Terence.
Terence is heavily wounded.
Terence hits you with a +0 flail.
You hit Terence but do no damage.
Terence flickers and vanishes for a moment.
You headbutt Terence.
Terence is heavily wounded.
Terence hits you with a +0 flail!
You hit Terence but do no damage.
Terence goes berserk!
You punch Terence, but do no damage.
Terence is heavily wounded.
You block Terence's attack. Terence closely misses you.
You make a move on Xom's chessboard...
Terence twists and deforms.
Sigmund is no longer paralysed.
Terence hits you with a +0 flail.
Sigmund points at you and mumbles some strange words.
The puff of flame hits Terence!
Terence barely misses you.
You make a move on Xom's chessboard...
Sigmund resists with significant effort.
You block Terence's attack.
Sigmund points at you and mumbles some strange words.
The magic dart hits Terence.
Terence dies!
You have reached level 4!
You feel agile.
You make a move on Xom's chessboard...
Sigmund flickers and vanishes for a moment.
You make a move on Xom's chessboard...
Sigmund appears confused.
Sigmund hits you with a +0 scythe!
Sigmund hits himself with a +0 scythe!
You hit Sigmund.
Sigmund changes into a glowing shapeshifter!
Sigmund the glowing shapeshifter changes into a swamp worm!
You make a move on Xom's chessboard...
Sigmund twists and deforms.
Sigmund barely misses you.
You make a move on Xom's chessboard...
Sigmund twists and deforms.
Sigmund bites you!
You die...
Xom laughs nastily!

##.## ### ...# #..
.#.....# ######.# ###
..##..# ..##..###..
..##..# #.##.#.#.#
#.##..#
..)......######.##..#
#...........†.#.##..#
#..#.##..####...@w..#
...#.##..# ###...).#
#.##.##..# #####.#
#.##.##... ...
.....##.### .###
#.#####.. .. #.# ###
## ..# ###


You could see Sigmund the swamp worm shaped shifter (misshapen).

Vanquished Creatures
  2 adders
  4 worms (D:2)
  A dart slug (D:3)
  2 ball pythons
  4 bats
  3 endoplasms
  A giant cockroach (D:1)
  6 goblins
  5 kobolds
28 creatures vanquished.

Vanquished Creatures (others)
  Terence (D:3)
1 creature vanquished.

Grand Total: 29 creatures vanquished

Notes
Turn   | Place    | Note
-------+----------+-------------------------------------------
     0 | D:1      | crabbyslav the Demonspawn Chaos Knight began the quest for
                  | the Orb.
     0 | D:1      | Reached XP level 1. HP: 18/18 MP: 1/1
    66 | D:1      | XOM: silly message
   368 | D:1      | Gained mutation: You have a pair of small horns on your
                  | head. [demonic ancestry]
   368 | D:1      | Reached XP level 2. HP: 24/24 MP: 2/2
   387 | D:1      | XOM: silly message
   521 | D:1      | XOM: divination: magic mapping
   760 | D:2      | XOM: divination: detect items
   848 | D:2      | Found Ytiukhyu's One-of-a-Kind Rings.
   954 | D:2      | Gained mutation: A meltable shield of frost defends you.
                  | (SH +4) [demonic ancestry]
   954 | D:2      | Reached XP level 3. HP: 29/29 MP: 3/3
  1039 | D:2      | XOM: noise
  1246 | D:2      | Found Zuudus's Assorted Antiques.
  1905 | D:3      | Found a snail-covered altar of Cheibriados.
  2093 | D:3      | Noticed Sigmund
  2097 | D:3      | Noticed Terence
  2105 | D:3      | Killed Terence
  2106 | D:3      | Reached XP level 4. HP: 17/35 MP: 4/4
  2110 | D:3      | Noticed Sigmund
  2110 | D:3      | Sigmund changed into Sigmund the glowing shapeshifter
  2110 | D:3      | Noticed Sigmund
  2110 | D:3      | Sigmund the glowing shapeshifter changed into Sigmund the
                  | swamp worm
  2113 | D:3      | Slain by Sigmund the swamp worm (glowing shapeshifter)

Illustrated notes

Levels and vault maps discovered:
D:1:      scummos_arrival_gate, layout_loops_ring,
          hangedman_abyss_or_decor_stabs, chequers_serial_rivers_micro_a
D:2:      layout_basic, serial_shops, nicolae_shop_stone, minivault_4,
          chequers_serial_rivers_micro_d, nicolae_shop_unique_rings,
          kennysheep_minor_cross, nicolae_wormholes
D:3:      layout_loops_ring, kennysheep_slug_shrine, uniq_sigmund, uniq_terence

Skill      XL: |  1 |
---------------+----+-----
Maces & Flails | 3 |  3.7
Armour         | 2 |  2.4
Fighting       | |  3.5
Dodging        | |  0.8

Action                   |  1- 3 |  4- 6 || total
-------------------------+-------+-------++-------
Melee: Mace              |    85 |     1 ||    86
       Headbutt          |    15 |       ||    15
       Punch             |     1 |       ||     1
Evoke: Piece from Xom's  |     3 |     4 ||     7
Armor: Leather armour    |    39 |       ||    39
Dodge: Dodged            |    43 |     1 ||    44
Block: Other             |     6 |       ||     6

Table legend: (Time is in decaauts)
 A = Elapsed time spent in this place.
 B = Non-inter-level travel time spent in this place.
 C = Inter-level travel time spent in this place.
 D = Time resting spent in this place.
 E = Time spent auto-exploring this place.
 F = Levels seen in this place.
 G = Mean time per level.
                   A        B        C        D        E       F      G
               +--------+--------+--------+--------+--------+-----+--------+
         Total |   2136 |   2066 |     70 |      0 |   1807 |   3 |  712.0 |
       Dungeon |   2136 |   2066 |     70 |      0 |   1807 |   3 |  712.0 |
               +--------+--------+--------+--------+--------+-----+--------+

Top non-repeatable levels by time:
     D:2: 963 daAuts
     D:1: 720 daAuts
     D:3: 452 daAuts
